[ AOE2 MATCH · #508033935 ]
UnrankedPoles vs Bulgarians
Player's team · WIN
Rival team · LOSS
[ REPLAY ANALYSIS · EXTRACTED FROM THE RECORDED GAME ]
Feudal
8:59
Castle
20:42
Imperial
34:28
| APM avg | 64.4 |
| APM peak | 97 |
| eAPM avg | 29.8 |
| Villagers / military | 104 / 93 |
Focus
⚔️ 39.7% · 🌾 60.3%
Knight ×57 · Cavalry Archer ×22 · Monk ×5 · Scout Cavalry ×3 · Trebuchet (Packed) ×3 · Mangonel ×2
Feudal
10:31
Castle
14:13
Imperial
—
| APM avg | 52.0 |
| APM peak | 79 |
| eAPM avg | 30.7 |
| Villagers / military | 120 / 82 |
Focus
⚔️ 38.3% · 🌾 61.7%
Knight ×58 · Battering Ram ×10 · Scorpion ×8 · Monk ×3 · Spearman ×3
Match map
Initial resources + every placement click. Lines = walls · curves = elevation contours. ◆ gold · ⬟ stone · ● berries · ✦ relic · ◌ wall gap
Your base· ✓ Closed at 20:42 · 64t walls · no gate
korn's base· Open — unwalled flank
Smoothed initial terrain · ◌ = detected wall gap · hover for details
Inputs per minute
— [CL] Al3jandr0.magn00 - - korn
Build order — [CL] Al3jandr0.magn00
First 150 of 373 actions detected
| 0:01 | Queue | Villager (Male) |
| 0:01 | Queue | Villager (Male) |
| 0:01 | Queue | Villager (Male) |
| 0:02 | Build | House |
| 0:03 | Build | House |
| 0:11 | Queue | Villager (Male) |
| 0:11 | Queue | Villager (Male) |
| 1:31 | Queue | Villager (Male) |
| 1:31 | Queue | Villager (Male) |
| 2:00 | Queue | Villager (Male) |
| 2:00 | Queue | Villager (Male) |
| 2:01 | Build | Lumber Camp |
| 2:17 | Queue | Villager (Male) |
| 2:17 | Queue | Villager (Male) |
| 2:36 | Build | House |
| 2:44 | Queue | Villager (Male) |
| 2:44 | Queue | Villager (Male) |
| 3:06 | Queue | Villager (Male) |
| 3:33 | Queue | Villager (Male) |
| 3:43 | Queue | Villager (Male) |
| 3:43 | Queue | Villager (Male) |
| 4:10 | Queue | Villager (Male) |
| 4:10 | Queue | Villager (Male) |
| 4:33 | Build | Palisade Wall |
| 4:45 | Queue | Villager (Male) |
| 4:48 | Build | Palisade Wall |
| 4:51 | Build | Palisade Wall |
| 5:17 | Queue | Villager (Male) |
| 5:31 | Build | Palisade Wall |
| 5:32 | Build | Palisade Wall |
| 5:47 | Queue | Villager (Male) |
| 5:57 | Build | Mill |
| 6:08 | Research | Loom |
| 6:49 | Research | Feudal Age |
| 6:49 | Research | Feudal Age |
| 7:14 | Build | House |
| 7:33 | Build | Palisade Wall |
| 7:47 | Build | Barracks |
| 7:59 | Build | Palisade Wall |
| 8:12 | Build | Palisade Wall |
| 8:40 | Queue | Villager (Male) |
| 8:59 | Age | Feudal Age |
| 9:04 | Build | Stable |
| 9:18 | Research | Double-Bit Axe |
| 9:25 | Queue | Villager (Male) |
| 9:37 | Build | House |
| 9:47 | Queue | Villager (Male) |
| 9:50 | Queue | Scout Cavalry |
| 9:51 | Queue | Scout Cavalry |
| 10:06 | Queue | Villager (Male) |
| 10:09 | Build | Farm |
| 10:12 | Build | Farm |
| 10:14 | Build | Farm |
| 10:18 | Build | Farm |
| 10:22 | Queue | Villager (Male) |
| 10:31 | Build | House |
| 10:39 | Queue | Villager (Male) |
| 10:43 | Build | Farm |
| 10:56 | Queue | Villager (Male) |
| 11:00 | Build | Farm |
| 11:17 | Queue | Villager (Male) |
| 11:32 | Queue | Villager (Male) |
| 11:36 | Build | Mining Camp |
| 11:39 | Queue | Villager (Male) |
| 11:43 | Build | Farm |
| 11:56 | Build | Watch Tower |
| 12:06 | Build | House |
| 12:13 | Queue | Villager (Male) |
| 12:21 | Build | House |
| 12:22 | Build | House |
| 12:29 | Build | Farm |
| 12:48 | Build | Farm |
| 13:10 | Queue | Villager (Male) |
| 13:13 | Build | Mining Camp |
| 13:32 | Queue | Spearman |
| 13:45 | Build | Palisade Wall |
| 13:46 | Build | Palisade Wall |
| 13:56 | Build | Palisade Wall |
| 13:58 | Build | Palisade Wall |
| 13:58 | Build | Palisade Wall |
| 14:07 | Build | Watch Tower |
| 14:11 | Build | Watch Tower |
| 14:19 | Queue | Villager (Male) |
| 14:21 | Build | Mill |
| 14:22 | Build | Farm |
| 14:22 | Build | Farm |
| 14:23 | Build | Farm |
| 14:44 | Build | Watch Tower |
| 14:48 | Queue | Villager (Male) |
| 14:50 | Build | Farm |
| 15:08 | Queue | Villager (Male) |
| 15:33 | Queue | Villager (Male) |
| 15:47 | Build | Farm |
| 15:50 | Build | Farm |
| 15:55 | Build | Palisade Wall |
| 16:00 | Build | Palisade Wall |
| 16:04 | Queue | Villager (Male) |
| 16:16 | Build | House |
| 16:21 | Build | Palisade Wall |
| 16:24 | Build | House |
| 16:30 | Build | Palisade Wall |
| 17:04 | Build | Blacksmith |
| 17:05 | Queue | Villager (Male) |
| 17:06 | Queue | Scout Cavalry |
| 18:02 | Research | Castle Age |
| 18:38 | Research | Bloodlines |
| 18:40 | Research | Horse Collar |
| 18:40 | Research | Horse Collar |
| 18:40 | Research | Gold Mining |
| 18:41 | Research | Gold Mining |
| 18:45 | Build | Archery Range |
| 18:48 | Queue | Villager (Male) |
| 19:05 | Build | Palisade Wall |
| 19:29 | Research | Fletching |
| 19:48 | Queue | Villager (Male) |
| 19:49 | Queue | Villager (Male) |
| 19:58 | Build | Archery Range |
| 20:23 | Build | Palisade Wall |
| 20:42 | Age | Castle Age |
| 20:52 | Build | Market |
| 20:54 | Queue | Villager (Male) |
| 20:54 | Queue | Villager (Male) |
| 21:03 | Queue | Knight |
| 21:04 | Queue | Knight |
| 21:04 | Queue | Knight |
| 21:08 | Research | Bodkin Arrow |
| 21:21 | Queue | Villager (Male) |
| 21:27 | Research | Wheelbarrow |
| 21:40 | Build | Farm |
| 21:48 | Build | Town Center |
| 21:50 | Queue | Villager (Male) |
| 21:54 | Queue | Cavalry Archer |
| 21:54 | Queue | Cavalry Archer |
| 22:01 | Queue | Cavalry Archer |
| 22:01 | Queue | Cavalry Archer |
| 22:14 | Queue | Villager (Male) |
| 22:16 | Build | Palisade Wall |
| 22:23 | Queue | Cavalry Archer |
| 22:27 | Queue | Villager (Male) |
| 22:40 | Queue | Cavalry Archer |
| 22:41 | Queue | Cavalry Archer |
| 23:01 | Queue | Villager (Male) |
| 23:06 | Build | Palisade Gate |
| 23:10 | Queue | Villager (Male) |
| 23:10 | Queue | Villager (Male) |
| 23:13 | Queue | Villager (Male) |
| 23:13 | Queue | Villager (Male) |
| 23:29 | Queue | Cavalry Archer |
| 23:29 | Queue | Cavalry Archer |
| 23:46 | Queue | Cavalry Archer |
Build order — korn
First 150 of 349 actions detected
| 0:00 | Queue | Villager (Male) |
| 0:01 | Queue | Villager (Male) |
| 0:01 | Queue | Villager (Male) |
| 0:02 | Build | House |
| 0:03 | Build | House |
| 0:06 | Queue | Villager (Male) |
| 1:28 | Queue | Villager (Male) |
| 2:03 | Queue | Villager (Male) |
| 2:04 | Queue | Villager (Male) |
| 2:29 | Queue | Villager (Male) |
| 2:34 | Build | Lumber Camp |
| 3:08 | Queue | Villager (Male) |
| 3:38 | Build | House |
| 3:42 | Queue | Villager (Male) |
| 3:57 | Queue | Villager (Male) |
| 4:27 | Queue | Villager (Male) |
| 4:35 | Queue | Villager (Male) |
| 4:43 | Build | Mill |
| 4:50 | Queue | Villager (Male) |
| 5:01 | Queue | Villager (Male) |
| 5:04 | Build | House |
| 5:05 | Build | Palisade Wall |
| 5:25 | Queue | Villager (Male) |
| 5:40 | Queue | Villager (Male) |
| 6:43 | Queue | Villager (Male) |
| 7:06 | Queue | Villager (Male) |
| 7:37 | Research | Loom |
| 7:41 | Build | Mining Camp |
| 7:57 | Research | Feudal Age |
| 8:16 | Queue | Villager (Male) |
| 10:03 | Build | Barracks |
| 10:31 | Age | Feudal Age |
| 10:37 | Build | Market |
| 10:41 | Build | Blacksmith |
| 10:52 | Queue | Villager (Male) |
| 11:09 | Build | House |
| 11:09 | Queue | Villager (Male) |
| 11:33 | Research | Castle Age |
| 11:33 | Research | Castle Age |
| 11:50 | Build | Palisade Wall |
| 11:50 | Build | Palisade Wall |
| 11:51 | Build | Palisade Wall |
| 11:58 | Build | Palisade Wall |
| 12:00 | Build | Palisade Wall |
| 12:01 | Build | Palisade Wall |
| 12:09 | Queue | Spearman |
| 12:13 | Research | Double-Bit Axe |
| 12:35 | Build | Palisade Wall |
| 12:49 | Research | Horse Collar |
| 12:52 | Build | Farm |
| 12:55 | Build | Farm |
| 13:08 | Build | Palisade Wall |
| 13:09 | Build | Palisade Wall |
| 13:09 | Build | Palisade Wall |
| 13:09 | Build | Palisade Wall |
| 13:11 | Build | Farm |
| 13:19 | Build | Farm |
| 13:28 | Queue | Villager (Male) |
| 13:38 | Build | Farm |
| 14:13 | Age | Castle Age |
| 14:24 | Build | Town Center |
| 14:27 | Queue | Villager (Male) |
| 14:32 | Queue | Villager (Male) |
| 14:40 | Queue | Villager (Male) |
| 14:42 | Build | House |
| 15:22 | Queue | Villager (Male) |
| 15:23 | Queue | Spearman |
| 15:25 | Build | House |
| 15:27 | Build | Palisade Wall |
| 15:29 | Build | Palisade Wall |
| 15:45 | Queue | Villager (Male) |
| 15:49 | Build | Farm |
| 16:20 | Queue | Villager (Male) |
| 16:55 | Queue | Spearman |
| 17:17 | Queue | Villager (Male) |
| 17:41 | Build | Farm |
| 17:48 | Queue | Villager (Male) |
| 18:15 | Queue | Villager (Male) |
| 18:39 | Build | Farm |
| 18:42 | Queue | Villager (Male) |
| 18:42 | Queue | Villager (Male) |
| 18:47 | Queue | Villager (Male) |
| 18:48 | Build | Farm |
| 18:54 | Queue | Villager (Male) |
| 19:17 | Build | Farm |
| 19:18 | Queue | Villager (Male) |
| 19:23 | Build | House |
| 19:27 | Build | Farm |
| 19:36 | Queue | Villager (Male) |
| 19:36 | Queue | Villager (Male) |
| 19:37 | Queue | Villager (Male) |
| 19:53 | Queue | Villager (Male) |
| 19:55 | Build | Farm |
| 20:13 | Queue | Villager (Male) |
| 20:15 | Build | Farm |
| 20:21 | Build | Farm |
| 20:21 | Queue | Villager (Male) |
| 20:31 | Build | Farm |
| 20:40 | Queue | Villager (Male) |
| 20:54 | Queue | Villager (Male) |
| 20:58 | Build | Monastery |
| 21:10 | Build | Stable |
| 21:21 | Queue | Villager (Male) |
| 21:26 | Queue | Villager (Male) |
| 21:27 | Queue | Villager (Male) |
| 21:31 | Build | Outpost |
| 21:37 | Build | Farm |
| 21:38 | Queue | Villager (Male) |
| 21:39 | Build | House |
| 21:41 | Build | House |
| 21:44 | Queue | Villager (Male) |
| 21:52 | Research | Gold Mining |
| 21:59 | Queue | Monk |
| 21:59 | Queue | Villager (Male) |
| 22:01 | Build | House |
| 22:03 | Build | House |
| 22:13 | Build | Farm |
| 22:14 | Build | Farm |
| 22:14 | Queue | Villager (Male) |
| 22:15 | Queue | Villager (Male) |
| 22:22 | Build | Palisade Wall |
| 22:22 | Build | Palisade Wall |
| 22:24 | Queue | Villager (Male) |
| 22:26 | Build | Palisade Wall |
| 22:28 | Build | House |
| 22:30 | Build | Palisade Wall |
| 22:37 | Queue | Villager (Male) |
| 22:43 | Queue | Villager (Male) |
| 22:47 | Build | Farm |
| 22:58 | Queue | Monk |
| 22:59 | Queue | Monk |
| 22:59 | Queue | Villager (Male) |
| 23:03 | Build | House |
| 23:10 | Queue | Knight |
| 23:10 | Queue | Knight |
| 23:15 | Build | Farm |
| 23:15 | Build | Farm |
| 23:16 | Queue | Villager (Male) |
| 23:20 | Build | Farm |
| 23:29 | Queue | Villager (Male) |
| 23:34 | Build | Farm |
| 23:40 | Queue | Villager (Male) |
| 23:49 | Queue | Villager (Male) |
| 23:56 | Queue | Knight |
| 24:00 | Build | House |
| 24:01 | Build | House |
| 24:02 | Build | House |
| 24:02 | Build | House |
| 24:09 | Build | Stone Wall |
| 24:10 | Queue | Knight |
Match timeline
| 4:33 | [CL] Al3jandr0.magn00 · wall_segment Palisade Wall x5 |
| 4:48 | [CL] Al3jandr0.magn00 · wall_segment Palisade Wall x1 |
| 4:51 | [CL] Al3jandr0.magn00 · wall_segment Palisade Wall x8 |
| 5:05 | korn · wall_segment Palisade Wall x6 |
| 5:31 | [CL] Al3jandr0.magn00 · wall_segment Palisade Wall x4 |
| 5:32 | [CL] Al3jandr0.magn00 · wall_segment Palisade Wall x10 |
| 7:33 | [CL] Al3jandr0.magn00 · wall_segment Palisade Wall x1 |
| 7:47 | [CL] Al3jandr0.magn00 · first_building Barracks |
| 7:59 | [CL] Al3jandr0.magn00 · wall_segment Palisade Wall x4 |
| 8:12 | [CL] Al3jandr0.magn00 · wall_segment Palisade Wall x1 |
| 8:59 | [CL] Al3jandr0.magn00 · age_up feudal |
| 9:04 | [CL] Al3jandr0.magn00 · first_building Stable |
| 10:03 | korn · first_building Barracks |
| 10:31 | korn · age_up feudal |
| 11:50 | korn · wall_segment Palisade Wall x1 |
| 11:50 | korn · wall_segment Palisade Wall x1 |
| 11:51 | korn · wall_segment Palisade Wall x1 |
| 11:58 | korn · wall_segment Palisade Wall x1 |
| 12:00 | korn · wall_segment Palisade Wall x1 |
| 12:01 | korn · wall_segment Palisade Wall x1 |
| 12:35 | korn · wall_segment Palisade Wall x1 |
| 13:08 | korn · wall_segment Palisade Wall x1 |
| 13:09 | korn · wall_segment Palisade Wall x1 |
| 13:09 | korn · wall_segment Palisade Wall x1 |
| 13:09 | korn · wall_segment Palisade Wall x1 |
| 13:45 | [CL] Al3jandr0.magn00 · wall_segment Palisade Wall x1 |
| 13:46 | [CL] Al3jandr0.magn00 · wall_segment Palisade Wall x1 |
| 13:56 | [CL] Al3jandr0.magn00 · wall_segment Palisade Wall x1 |
| 13:57 | korn · first_market_buy 100 wood |
| 13:58 | [CL] Al3jandr0.magn00 · wall_segment Palisade Wall x1 |
| 13:58 | [CL] Al3jandr0.magn00 · wall_segment Palisade Wall x1 |
| 14:13 | korn · age_up castle |
| 15:27 | korn · wall_segment Palisade Wall x1 |
| 15:29 | korn · wall_segment Palisade Wall x1 |
| 15:55 | [CL] Al3jandr0.magn00 · wall_segment Palisade Wall x10 |
| 16:00 | [CL] Al3jandr0.magn00 · wall_segment Palisade Wall x13 |
| 16:21 | [CL] Al3jandr0.magn00 · wall_segment Palisade Wall x1 |
| 16:30 | [CL] Al3jandr0.magn00 · wall_segment Palisade Wall x1 |
| 18:45 | [CL] Al3jandr0.magn00 · first_building Archery Range |
| 19:05 | [CL] Al3jandr0.magn00 · wall_segment Palisade Wall x1 |
| 20:23 | [CL] Al3jandr0.magn00 · wall_segment Palisade Wall x1 |
| 20:42 | [CL] Al3jandr0.magn00 · age_up castle |
| 20:58 | korn · first_building Monastery |
| 21:02 | korn · first_market_sell 100 stone |
| 21:10 | korn · first_building Stable |
| 21:44 | [CL] Al3jandr0.magn00 · first_market_buy 100 wood |
| 22:16 | [CL] Al3jandr0.magn00 · wall_segment Palisade Wall x1 |
| 22:22 | korn · wall_segment Palisade Wall x2 |
| 22:22 | korn · wall_segment Palisade Wall x1 |
| 22:26 | korn · wall_segment Palisade Wall x1 |
| 22:30 | korn · wall_segment Palisade Wall x4 |
| 24:09 | korn · wall_segment Stone Wall x7 |
| 24:25 | [CL] Al3jandr0.magn00 · first_building Monastery |
| 25:11 | korn · wall_segment Stone Wall x1 |
| 25:50 | korn · wall_segment Palisade Wall x1 |
| 26:33 | korn · wall_segment Stone Wall x5 |
| 26:39 | [CL] Al3jandr0.magn00 · first_building Siege Workshop |
| 27:25 | korn · first_building Siege Workshop |
| 27:54 | [CL] Al3jandr0.magn00 · wall_segment Palisade Wall x1 |
| 30:39 | [CL] Al3jandr0.magn00 · first_market_sell 100 wood |
| 30:49 | [CL] Al3jandr0.magn00 · first_building Castle |
| 31:30 | [CL] Al3jandr0.magn00 · wall_segment Palisade Wall x1 |
| 34:21 | korn · first_building Castle |
| 34:28 | [CL] Al3jandr0.magn00 · age_up imperial |
| 38:36 | korn · wall_segment Palisade Wall x1 |
| 38:54 | korn · resign |
[ AI ANALYSIS · 1 CREDIT ]
What really happened in this match?
Wolo.gg analyzes every decision: build order, eco, micro, common mistakes by bracket. Personalized analysis on WhatsApp or Discord in 30 seconds.
Civ guide
Poles
Perfil
Jugador #5571038